[Event "Team 45 45 League T59"]
[Site "Internet Chess Club"]
[Date "2014.01.04"]
[Round "6"]
[White "g8wrb"]
[Black "drsigmund1"]
[Result "0-1"]
[WhiteElo "1442"]
[BlackElo "1583"]
[Opening "Bird's opening"]
[ECO "A02"]
[Time "06:07:15"]
[TimeControl "2700+45"]

1. f4 e6 2. Nf3 b6 3. Nc3 Bb7 4. b3 f5 5. Bb2 Nf6 6. d3 Bb4 7. a3 Bc5 8. Qd2 a5
9. Na4 Bd6 10. g3 b5 11. Nc3 b4 12. axb4 axb4 13. Nb5 Rxa1+ 14. Bxa1 Be7 15. Bg2
c6 16. Nbd4 Na6 17. O-O Qb6 18. e3 O-O 19. Re1 Nc7 20. Ne5 c5 21. Nc4 Qa6 22.
Bxb7 Qxb7 23. Ne2 Ra8 24. Be5 Ng4 25. Bb2 Bf6 26. d4 d5 27. Ne5 c4 28. bxc4 Bxe5
29. dxe5 dxc4 30. Bc1 Nd5 31. Nd4 Kf7 32. h3 Nh6 33. Qg2 Ra2 34. Re2 b3 35. cxb3
cxb3 36. Bb2 Qa8 37. Nxb3 Qa4 38. Nd4 Ng8 39. Kh2 Nge7 40. g4 g6 41. gxf5 Nxf5
42. Nxf5 gxf5 43. Qf3 Qb5 44. Qf2 Nc3 45. Rc2 Nd1 46. Rc7+ Ke8 47. Rc8+ Kd7 48.
Qd2+ Kxc8 49. Qxd1 Qxb2+ 50. Kg3 Qf2# {White checkmated} 0-1

[Event "Team 45 45 League T59"]
[Site "Internet Chess Club"]
[Date "2014.01.04"]
[Round "6"]
[White "Leon13"]
[Black "JohLeb"]
[Result "1-0"]
[WhiteElo "1371"]
[BlackElo "1364"]
[Opening "Sicilian: closed"]
[ECO "B23"]
[Time "18:00:44"]
[TimeControl "2700+45"]

1. e4 c5 2. Nc3 d6 3. Bb5+ Nc6 4. Bxc6+ bxc6 5. d3 e5 6. f4 Nf6 7. f5 d5 8. Qe2
dxe4 9. dxe4 a5 10. Bg5 Be7 11. Nf3 O-O 12. Rd1 Qb6 13. Nxe5 Qxb2 14. Qe3 Ba6
15. Nxc6 Ng4 16. Nxe7+ Kh8 17. Qf3 f6 18. Bc1 Qb4 19. Nd5 Qc4 20. Qxg4 Rad8 21.
Qe2 Rfe8 22. Qxc4 Bxc4 23. Ba3 Rb8 24. Kf2 h6 25. Bxc5 Rb2 26. Ne3 Bxa2 27. Nxa2
Rxa2 28. Rd7 Ra4 29. Rd4 Rxd4 30. Bxd4 Rxe4 31. Bc3 a4 32. Rd1 Re8 33. Kf3 Rc8
34. Bb2 h5 35. g4 hxg4+ 36. Kxg4 a3 37. Ba1 {Black resigns} 1-0

[Event "Team 45 45 League T59"]
[Site "Internet Chess Club"]
[Date "2014.01.05"]
[Round "6"]
[White "guyd52"]
[Black "Andaluz"]
[Result "1/2-1/2"]
[WhiteElo "1320"]
[BlackElo "1198"]
[Opening "Réti: King's Indian attack"]
[ECO "A05"]
[Time "06:00:34"]
[TimeControl "2700+45"]

1. Nf3 Nf6 2. g3 g6 3. Bg2 Bg7 4. d3 d6 5. O-O O-O 6. Nbd2 c6 7. e4 e5 8. a3 a5
9. Nc4 b5 10. Ne3 Nbd7 11. Bd2 Bb7 12. c3 Re8 13. Qc2 Qc7 14. b4 axb4 15. axb4
Nb6 16. Bh3 Rxa1 17. Rxa1 Ra8 18. Rxa8+ Nxa8 19. Qa2 Qb6 20. Ng4 Qa6 21. Qb3
Qa1+ 22. Kg2 Qa4 23. Qxa4 bxa4 24. Bc1 Nb6 25. Ne3 Bh6 {Game drawn by mutual
agreement} 1/2-1/2

[Event "Team 45 45 League T59"]
[Site "Internet Chess Club"]
[Date "2014.01.02"]
[Round "6"]
[White "rookmaster23"]
[Black "parrot9"]
[Result "0-1"]
[WhiteElo "1607"]
[BlackElo "1667"]
[Opening "Sicilian: Najdorf, Byrne (English) attack"]
[ECO "B90"]
[Time "15:02:39"]
[TimeControl "2700+45"]

1. e4 c5 2. Nf3 d6 3. d4 cxd4 4. Nxd4 Nf6 5. Nc3 a6 6. Be3 e6 7. f3 Qc7 8. Qd2
b5 9. O-O-O Bb7 10. g4 Nc6 11. g5 Nd7 12. Bd3 b4 13. Nce2 Nce5 14. Ng3 Nxd3+ 15.
Qxd3 Ne5 16. Qe2 Nc4 17. f4 e5 18. Ndf5 g6 19. Nh6 exf4 20. Bxf4 Bg7 21. b3 Ne5
22. h4 Qc3 23. Qd2 Qa1# {White checkmated} 0-1

[Event "Team 45 45 League T59"]
[Site "Internet Chess Club"]
[Date "2014.01.04"]
[Round "6"]
[White "BrerRabbit"]
[Black "sdcohle"]
[Result "1/2-1/2"]
[WhiteElo "1529"]
[BlackElo "1469"]
[Opening "Colle system"]
[ECO "D02"]
[Time "18:04:48"]
[TimeControl "2700+45"]

1. d4 d5 2. Nf3 e6 3. e3 c5 4. c3 Nf6 5. Bd3 Nc6 6. Nbd2 c4 7. Bc2 Bd6 8. O-O
O-O 9. e4 dxe4 10. Nxe4 Nxe4 11. Bxe4 Qc7 12. Qe2 b5 13. a4 Qb6 14. Be3 Qb7 15.
Ne5 Bxe5 16. dxe5 Rb8 17. Qf3 Bd7 18. Rfd1 Rfd8 19. Rxd7 Qxd7 20. Bxc6 Qc7 21.
Bd4 bxa4 22. Rxa4 Rxb2 23. g3 a5 24. Rxc4 Rb3 25. Bb5 Qb8 26. Qc6 Rxb5 27. Ra4
Rb1+ 28. Kg2 Qa8 29. Qxa8 Rxa8 30. Kf3 Kf8 31. Ke4 Ke8 32. Kd3 Kd7 33. Kc2 Rb5
34. Kd3 Kc6 35. Kc4 Rb2 36. Be3 h5 37. h4 g6 38. Bd4 Ra6 39. Be3 Rb5 40. Bd4 Rd5
41. Kb3 Rd7 42. Kc4 Rd5 43. Kb3 Rb5+ 44. Kc4 Rd5 45. Kb3 Rb5+ 46. Kc4 {Game
drawn by repetition} 1/2-1/2

[Event "Team 45 45 League T59"]
[Site "Internet Chess Club"]
[Date "2014.01.05"]
[Round "6"]
[White "rkaebi"]
[Black "Toalla"]
[Result "1-0"]
[WhiteElo "1328"]
[BlackElo "1286"]
[Opening "Caro-Kann: classical variation"]
[ECO "B18"]
[Time "08:05:02"]
[TimeControl "2700+45"]

1. e4 c6 2. d4 d5 3. Nc3 dxe4 4. Nxe4 Bf5 5. Ng3 Bg6 6. Nf3 Nf6 7. Bd3 Nbd7 8.
O-O Qc7 9. Re1 O-O-O 10. Ng5 Re8 11. Bxg6 fxg6 12. Ne6 Qb6 13. a4 a5 14. Ra3 h5
15. Rb3 Qa7 16. Be3 h4 17. d5 Qa6 18. dxc6 Qxc6 19. Rc3 {Black resigns} 1-0

[Event "Team 45 45 League T59"]
[Site "Internet Chess Club"]
[Date "2014.01.06"]
[Round "6"]
[White "akshayk06"]
[Black "Conjurer"]
[Result "1-0"]
[WhiteElo "1524"]
[BlackElo "1240"]
[Opening "Sicilian: accelerated fianchetto, Maróczy bind, 6.Be3"]
[ECO "B38"]
[Time "21:08:01"]
[TimeControl "2700+45"]

1. e4 c5 2. Nf3 Nc6 3. d4 cxd4 4. Nxd4 g6 5. c4 Bg7 6. Be3 Nf6 7. Nc3 O-O 8. Be2
b6 9. O-O Bb7 10. Bf3 Ne5 11. b3 e6 12. Bf4 Nxf3+ 13. Qxf3 Nh5 14. Ndb5 Nxf4 15.
Qxf4 f5 16. e5 g5 17. Qe3 f4 18. Qe2 d5 19. Nd6 Bc6 20. cxd5 exd5 21. Rfd1 Qe7
22. Nxd5 Qxe5 23. Qxe5 Bxe5 24. Ne7+ Kh8 25. Nxc6 Bxa1 26. Rxa1 Rf6 27. Rd1 Rg8
28. Nxa7 Rd8 29. Nac8 Kg7 30. Nf5+ Rxf5 31. Rxd8 Rc5 32. g3 f3 33. h3 Rc1+ 34.
Kh2 Rc2 35. g4 Rxf2+ 36. Kg3 Rc2 37. Kxf3 Rc3+ 38. Ke4 Rxh3 39. Rd3 Rh2 40. a4
Kg6 41. Nxb6 Rg2 42. Kf3 {Black resigns} 1-0

[Event "Team 45 45 League T59"]
[Site "Internet Chess Club"]
[Date "2014.01.03"]
[Round "6"]
[White "guyd52"]
[Black "Arawn"]
[Result "1-0"]
[WhiteElo "1326"]
[BlackElo "1261"]
[Opening "Réti: King's Indian attack (Barcza system)"]
[ECO "A07"]
[Time "20:08:30"]
[TimeControl "2700+45"]

1. g3 d5 2. Nf3 Nf6 3. Bg2 c5 4. d3 e6 5. O-O Nc6 6. c3 b5 7. Be3 Be7 8. Nbd2 e5
9. Nb3 Qb6 10. d4 cxd4 11. cxd4 e4 12. Nfd2 Ng4 13. Nb1 Nxe3 14. fxe3 O-O 15.
Qd2 h5 16. Nc3 Be6 17. h4 Qb8 18. Qe1 g5 19. Rc1 Nb4 20. a3 Na6 21. Nxe4 dxe4
22. Bxe4 Bh3 23. Rf3 g4 24. Rf5 Qc8 25. Rxc8 Raxc8 26. Qa5 b4 27. Qxa6 bxa3 28.
bxa3 Rc3 29. Qxa7 Rxe3 30. Qxe7 Rxg3+ 31. Kf2 Rxb3 32. Qg5+ Kh8 33. Qh6+ {Black
resigns} 1-0

[Event "Team 45 45 League T59"]
[Site "Internet Chess Club"]
[Date "2014.01.04"]
[Round "6"]
[White "stantheman59"]
[Black "Toalla"]
[Result "1/2-1/2"]
[WhiteElo "1235"]
[BlackElo "1301"]
[Opening "Queen's pawn game"]
[ECO "A45"]
[Time "09:03:02"]
[TimeControl "2700+45"]

1. d4 Nf6 2. e3 g6 3. Bd3 Bg7 4. f4 d5 5. Nf3 Bg4 6. Nbd2 O-O 7. O-O c5 8. Ne5
Bxd1 9. Rxd1 cxd4 10. exd4 Ne4 11. Nb3 Qb6 12. Nf3 Nd7 13. c3 Rac8 14. Bd2 Nxd2
15. Rxd2 f6 16. f5 e5 17. fxg6 e4 18. gxh7+ Kxh7 19. Be2 exf3 20. Bxf3 Qd6 21.
Bg4 Rce8 22. Bf5+ Kh8 23. Rd3 Qe7 24. Rh3+ Kg8 25. Nd2 Rf7 26. Nf3 Qe3+ 27. Kf1
Rfe7 28. Re1 Qxe1+ 29. Nxe1 Rxe1+ 30. Kf2 R8e2+ 31. Kf3 Re3+ 32. Kf2 R1e2+ 33.
Kf1 Rxh3 34. Kxe2 Rxh2 35. Bxd7 Rxg2+ 36. Kd3 Rg3+ 37. Ke2 Rg4 38. Bxg4 Kf7 39.
Kf3 Ke7 40. Kf4 Kd6 {Game drawn by mutual agreement} 1/2-1/2

[Event "Team 45 45 League T59"]
[Site "Internet Chess Club"]
[Date "2014.01.06"]
[Round "6"]
[White "wekabird"]
[Black "WzeroMN"]
[Result "0-1"]
[WhiteElo "973"]
[BlackElo "1165"]
[Opening "English, Kramnik-Shirov counterattack"]
[ECO "A21"]
[Time "17:08:04"]
[TimeControl "2700+45"]

1. c4 e5 2. Nc3 Bb4 3. a3 Bxc3 4. bxc3 Nc6 5. e4 Nf6 6. d3 d6 7. h3 Qe7 8. Nf3
h6 9. g3 Bd7 10. Bg2 O-O-O 11. O-O Be6 12. Rb1 Nd7 13. a4 Nf6 14. Ba3 Qd7 15.
Bb4 Bxh3 16. Bxh3 Qxh3 17. Nh4 Qd7 18. Nf5 g6 19. Ne3 Nxb4 20. Rxb4 h5 21. Qb1
b6 22. Nd5 Nxd5 23. cxd5 h4 24. a5 h3 25. axb6 h2+ 26. Kh1 Qg4 27. bxa7 Qf3#
{White checkmated} 0-1

[Event "Team 45 45 League T59"]
[Site "Internet Chess Club"]
[Date "2014.01.02"]
[Round "6"]
[White "tornado100"]
[Black "SeniorCitizen"]
[Result "1/2-1/2"]
[WhiteElo "1378"]
[BlackElo "1329"]
[Opening "French: exchange variation"]
[ECO "C01"]
[Time "14:00:35"]
[TimeControl "2700+45"]

1. e4 e6 2. d4 d5 3. exd5 exd5 4. Nc3 Nf6 5. Nf3 Bf5 6. Bd3 Bxd3 7. Qxd3 c6 8.
Bf4 Be7 9. O-O O-O 10. Rfe1 Nbd7 11. Qe3 Bb4 12. a3 Re8 13. Qd3 Rxe1+ 14. Rxe1
Bxc3 15. Qxc3 Qb6 16. Nd2 Re8 17. Rxe8+ Nxe8 18. f3 c5 19. dxc5 Qxc5+ 20. Qxc5
Nxc5 21. Be3 b6 22. Kf2 Ne6 23. Nb3 Kf8 24. Ke2 Ke7 25. Kd3 Kd6 26. f4 f5 27.
Nd4 Nxd4 28. Bxd4 g6 29. b4 Kc6 30. a4 a6 31. c3 b5 32. a5 Nd6 33. g3 Nf7 34. h3
g5 35. Be3 g4 36. h4 h5 37. Bf2 {Game drawn by mutual agreement} 1/2-1/2

[Event "Team 45 45 League T59"]
[Site "Internet Chess Club"]
[Date "2014.01.04"]
[Round "6"]
[White "medsurg"]
[Black "Bizzy-Ketty"]
[Result "1-0"]
[WhiteElo "1296"]
[BlackElo "1519"]
[Opening "Queen's pawn game"]
[ECO "E20"]
[Time "18:02:51"]
[TimeControl "2700+45"]

1. d4 Nf6 2. c4 e6 3. Nc3 c5 4. Bg5 Nc6 5. Nf3 b6 6. d5 exd5 7. cxd5 Nb8 8. e4
d6 9. Bb5+ Bd7 10. Bxd7+ Nbxd7 11. O-O Be7 12. Re1 O-O 13. Qd2 h6 14. Bxh6 gxh6
15. Qxh6 Ng4 16. Qf4 Nge5 17. Qg3+ Ng6 18. e5 Qc7 19. Nb5 Qd8 20. Nxd6 Bxd6 21.
exd6 Re8 22. h4 Nf6 23. Rxe8+ Qxe8 24. Re1 Ne4 25. d7 Qe7 26. Rxe4 Qxe4 27. Qg5
Qe7 28. Qg4 Kf8 29. h5 Nh8 30. Ng5 Qe1+ 31. Kh2 Qe5+ 32. g3 Qg7 33. Qf5 Qxb2 34.
d6 Kg8 35. Qh7+ Kf8 36. Qf5 Kg7 37. Ne4 f6 38. h6+ Kxh6 39. Nxf6 Nf7 40. Qh7+
Kg5 41. Qh4+ Kf5 42. Qf4+ Ke6 43. Ne4 Rh8+ 44. Kg2 Qa1 45. Qg4+ Kd5 46. Qf5+ Ne5
47. Nf6+ Kxd6 48. Ne8+ Ke7 49. Qf6+ Kxd7 50. Qxh8 Qe1 51. Nf6+ Kc6 52. Qa8+ Kb5
53. Qxa7 Nd3 54. Qd7+ Kc4 55. Qd5+ Kc3 56. Ne4+ Kc2 57. Qb3+ Kc1 58. Qxd3 Qb4
59. Nc3 Kb2 60. Qd2+ Ka3 61. Qe3 Qa5 62. Qc1+ Kb4 63. Nd5+ Kb5 64. Qb2+ Kc6 65.
Qb3 Qb5 66. Qf3 Kd6 67. g4 c4 68. Nc3 Qb4 69. Qf8+ Ke5 70. Qxb4 Kd4 71. Kf3 Kd3
72. Ne2 c3 73. Qxc3# {Black checkmated} 1-0

[Event "Team 45 45 League T59"]
[Site "Internet Chess Club"]
[Date "2014.01.04"]
[Round "6"]
[White "tcianciola"]
[Black "RockingCHESS"]
[Result "1-0"]
[WhiteElo "1238"]
[BlackElo "1156"]
[Opening "King's pawn game"]
[ECO "C50"]
[Time "09:00:27"]
[TimeControl "2700+45"]

1. e4 e5 2. Nf3 Nc6 3. Bc4 d6 4. Nc3 Nf6 5. O-O Be7 6. d3 O-O 7. h3 b6 8. Bd2
Bb7 9. Re1 Na5 10. Bd5 c5 11. Bxb7 Nxb7 12. Nh4 Nd7 13. Qg4 Bxh4 14. Nd5 h6 15.
Bxh6 Bf6 16. Re3 Re8 17. Rf3 Re6 18. Nxf6+ Kf8 19. Qxg7+ Ke7 20. Nd5+ Ke8 21.
Qg8+ Nf8 22. Qxf8+ Kd7 23. Qxf7+ Kc8 24. Qxe6+ Qd7 25. Qxd7+ Kxd7 26. Rf7+ Kc6
27. h4 Rh8 28. Bg5 Nd8 29. Bxd8 Rxd8 30. f4 exf4 31. Rxf4 Rh8 32. Raf1 Kd7 33.
Rg4 Ke8 34. Rf6 a5 35. Rxd6 b5 36. Rg7 Kf8 37. Rdd7 c4 38. dxc4 bxc4 39. g3 Ke8
40. Rge7+ Kf8 41. Rd8# {Black checkmated} 1-0

[Event "Team 45 45 League T59"]
[Site "Internet Chess Club"]
[Date "2014.01.02"]
[Round "6"]
[White "Tribe97"]
[Black "rhayder"]
[Result "1-0"]
[WhiteElo "1396"]
[BlackElo "1344"]
[Opening "Scotch: Schmidt variation"]
[ECO "C45"]
[Time "12:17:47"]
[TimeControl "2700+45"]

1. e4 e5 2. Nf3 Nc6 3. d4 exd4 4. Nxd4 Nf6 5. Nxc6 dxc6 6. Qxd8+ Kxd8 7. Bd3 Bc5
8. Bg5 Be7 9. O-O h6 10. Bf4 Nd7 11. Nc3 g5 12. Bg3 Bf6 13. Rad1 Bxc3 14. bxc3
f6 15. Rfe1 Nc5 16. Bc4+ Bd7 17. e5 fxe5 18. Rxe5 Na4 19. Re7 Kxe7 20. Re1+ Kd8
21. Be5 Re8 22. Bf7 Re7 23. Bf6 Nxc3 24. Rxe7 Nd5 25. Re8# {Black checkmated}
1-0

[Event "Team 45 45 League T59"]
[Site "Internet Chess Club"]
[Date "2014.01.04"]
[Round "6"]
[White "arconia"]
[Black "kabubi"]
[Result "1-0"]
[WhiteElo "1261"]
[BlackElo "1206"]
[Opening "King's pawn game"]
[ECO "C44"]
[Time "17:00:20"]
[TimeControl "2700+45"]

1. e4 e5 2. Nf3 Nc6 3. b3 g6 4. Bb2 Bg7 5. Be2 Nge7 6. O-O O-O 7. d4 d6 8. Ne1
exd4 9. c3 f5 10. Bd3 fxe4 11. Bxe4 dxc3 12. Bxc3 Bxc3 13. Nxc3 Be6 14. Nd5 Bxd5
15. Bxd5+ Kh8 16. Nf3 Nxd5 17. Qxd5 Rf5 18. Qc4 Qf6 19. Rae1 d5 20. Qd3 Nb4 21.
Qb5 Qb6 22. Re8+ Rxe8 23. Qxe8+ Kg7 24. Re1 Rf7 25. Re7 Rxe7 26. Qxe7+ Kh6 27.
h4 Qd6 28. Qg5+ Kg7 29. h5 h6 30. Qg4 Nxa2 31. Qd4+ Qf6 32. Qxd5 c6 33. Qd7+ Qf7
34. Qg4 Qxb3 35. Qxg6+ Kf8 36. Qxh6+ Ke8 37. Qh8+ Kd7 38. h6 Qd1+ 39. Kh2 Qd6+
40. Ne5+ Kc7 41. Qg7+ Kb6 42. h7 {Black resigns} 1-0

[Event "Team 45 45 League T59"]
[Site "Internet Chess Club"]
[Date "2014.01.02"]
[Round "6"]
[White "wildangels"]
[Black "oldbookseller"]
[Result "1-0"]
[WhiteElo "1175"]
[BlackElo "1028"]
[Opening "Réti opening"]
[ECO "A04"]
[Time "10:00:10"]
[TimeControl "2700+45"]

1. Nf3 d6 2. g3 c5 3. e4 g6 4. Bg2 Bg7 5. O-O Nf6 6. d3 O-O 7. Nbd2 Nc6 8. c3
Be6 9. Re1 d5 10. e5 Ng4 11. d4 Qb6 12. Ng5 Bf5 13. e6 f6 14. Ndf3 Qa6 15. Nh4
fxg5 16. Bxg5 Qc4 17. Bf1 Qa4 18. Qxa4 cxd4 19. Nf3 dxc3 20. bxc3 Bxc3 21. Bxe7
Nxe7 22. Rac1 Bf6 23. Rc7 Nc8 24. Qd7 Nb6 25. Qxh7# {Black checkmated} 1-0

[Event "Team 45 45 League T59"]
[Site "Internet Chess Club"]
[Date "2014.01.04"]
[Round "6"]
[White "jps7"]
[Black "xt"]
[Result "1-0"]
[WhiteElo "1736"]
[BlackElo "1655"]
[Opening "Queen's pawn game"]
[ECO "D05"]
[Time "12:34:33"]
[TimeControl "2700+45"]

1. d4 d5 2. Nf3 e6 3. e3 Nf6 4. Bd3 Bd6 5. O-O O-O 6. b3 a6 7. Bb2 h6 8. Nbd2
Nc6 9. a3 Qe7 10. Ne5 Qd8 11. f4 Be7 12. Nxc6 bxc6 13. Nf3 c5 14. Ne5 Bb7 15.
Qe2 Nd7 16. Qg4 Nxe5 17. fxe5 cxd4 18. exd4 f5 19. exf6 Bxf6 20. Qxe6+ Kh8 21.
Qg4 Bg5 22. Kh1 Bc8 23. Rxf8+ Qxf8 24. Qf3 Qd6 25. Rf1 Bd7 26. c4 dxc4 27. Qxa8+
{Black resigns} 1-0

[Event "Team 45 45 League T59"]
[Site "Internet Chess Club"]
[Date "2014.01.06"]
[Round "6"]
[White "rookmaster23"]
[Black "BenjaminSisko"]
[Result "0-1"]
[WhiteElo "1590"]
[BlackElo "1610"]
[Opening "Sicilian: accelerated fianchetto, modern variation"]
[ECO "B34"]
[Time "20:02:21"]
[TimeControl "2700+45"]

1. e4 c5 2. Nf3 g6 3. d4 cxd4 4. Nxd4 Nc6 5. Nc3 Bg7 6. Be3 Nf6 7. f3 O-O 8. Qd2
d5 9. Nxc6 bxc6 10. O-O-O e6 11. g4 Qa5 12. exd5 Nxd5 13. Nxd5 Qxd5 14. Qxd5
cxd5 15. Bd4 e5 16. Bc5 Rd8 17. Bb5 Be6 18. Bc6 Rab8 19. Bxa7 Rb4 20. Bc5 Rc4
21. Bxd5 Rxd5 22. Rxd5 Bxd5 23. Be7 Bxf3 24. Rf1 Bxg4 25. Rf2 Bf5 26. Rd2 Bh6
{White resigns} 0-1

[Event "Team 45 45 League T59"]
[Site "Internet Chess Club"]
[Date "2014.01.03"]
[Round "6"]
[White "julesraider"]
[Black "mongmong"]
[Result "0-1"]
[WhiteElo "1615"]
[BlackElo "1696"]
[Opening "French: Winawer, advance variation"]
[ECO "C16"]
[Time "20:32:52"]
[TimeControl "2700+45"]

1. e4 e6 2. d4 d5 3. Nc3 Bb4 4. e5 Ne7 5. Bd2 b6 6. Nb5 Bxd2+ 7. Qxd2 a6 8. Nc3
c5 9. f4 Nbc6 10. Nf3 Nf5 11. Be2 Nfxd4 12. Nxd4 Nxd4 13. O-O Bd7 14. Bd3 c4 15.
Be2 Nf5 16. Bf3 Bc6 17. Qf2 Rb8 18. Bg4 Nh6 19. Bh3 Qe7 20. Ne2 Qc5 21. Nd4 Bd7
22. Kh1 O-O 23. c3 b5 24. Qh4 b4 25. g4 bxc3 26. bxc3 Qa3 27. g5 Nf5 28. Nxf5
exf5 29. g6 fxg6 30. Qg3 Rb2 31. Bg2 Be6 32. Rfd1 Rd8 33. Bf1 Rdb8 34. Bxc4 dxc4
35. Rd6 Bf7 36. Qg5 Rb1+ 37. Rd1 Rxa1 38. Rxa1 Bd5+ 39. Kg1 Qxc3 40. Rd1 Qe3+
41. Kf1 Qf3+ 42. Ke1 Qh1+ 43. Kd2 Qg2+ 44. Qxg2 Bxg2 45. Kc3 Be4 46. Kxc4 Kf8
47. Rd7 Rb7 48. Rd6 Ra7 49. e6 Ke7 50. Rb6 Bg2 51. Kd4 Bf1 52. Ke5 Rc7 53. Kd4
Bb5 54. h4 Rc6 55. Rb7+ Kxe6 56. Rxg7 Rd6+ 57. Kc5 Rd7 58. Rg8 Kf6 59. Re8 Re7
60. Rf8+ Kg7 61. Rd8 Re4 62. Rd4 Rxd4 63. Kxd4 Kf6 64. a3 h6 65. Ke3 g5 66.
hxg5+ hxg5 67. fxg5+ Kxg5 68. Kf2 Kg4 69. Kg2 f4 70. Kf2 Bc6 71. Kg1 Kg3 72. a4
Bxa4 73. Kh1 f3 74. Kg1 f2+ 75. Kf1 Bb5# {White checkmated} 0-1

[Event "Team 45 45 League T59"]
[Site "Internet Chess Club"]
[Date "2014.01.05"]
[Round "6"]
[White "oldsj"]
[Black "rayngrant"]
[Result "0-1"]
[WhiteElo "1594"]
[BlackElo "1553"]
[Opening "Ruy Lopez: Marshall, main line, 14...Qh3"]
[ECO "C89"]
[Time "13:00:36"]
[TimeControl "2700+45"]

1. e4 e5 2. Nf3 Nc6 3. Bb5 a6 4. Ba4 Nf6 5. O-O Be7 6. Re1 b5 7. Bb3 O-O 8. c3
d5 9. exd5 Nxd5 10. Nxe5 Nxe5 11. Rxe5 c6 12. d4 Bd6 13. Re1 Qh4 14. g3 Qh3 15.
Qf3 Bg4 16. Qg2 Qh5 17. Bxd5 cxd5 18. Be3 Bf3 19. Qf1 Be4 20. Nd2 f5 21. Nxe4
fxe4 22. Qe2 Rf3 23. Qd2 Raf8 24. Rf1 Qh3 25. Qe2 h5 26. Rae1 h4 27. Bf4 R8xf4
{White resigns} 0-1

[Event "Team 45 45 League T59"]
[Site "Internet Chess Club"]
[Date "2014.01.04"]
[Round "6"]
[White "zugknightly"]
[Black "Grenadier"]
[Result "1-0"]
[WhiteElo "1889"]
[BlackElo "1668"]
[Opening "English, 1...Nf6 (Anglo-Indian defense)"]
[ECO "A15"]
[Time "09:10:13"]
[TimeControl "2700+45"]

1. c4 Nf6 2. g3 d6 3. Bg2 e5 4. Nc3 Nc6 5. e4 Be6 6. d3 Be7 7. Nge2 O-O 8. f4
exf4 9. Bxf4 Rb8 10. b3 Qd7 11. Nd5 Bxd5 12. cxd5 Ne5 13. d4 Ng6 14. e5 Nxf4 15.
Nxf4 dxe5 16. dxe5 Bb4+ 17. Ke2 Ng4 18. Bh3 Qb5+ 19. Qd3 Qxd3+ 20. Nxd3 Bc3 21.
Rac1 Bxe5 22. Bxg4 Bd6 23. Rhe1 f5 24. Bf3 g5 25. Kd1 Rbe8 26. Kc2 g4 27. Bg2 h5
28. Rxe8 Rxe8 29. Re1 Rxe1 30. Nxe1 h4 31. gxh4 Bxh2 32. Kd3 f4 33. Ke4 f3 34.
Bxf3 gxf3 35. Nxf3 Bd6 36. Kf5 Kg7 37. Ne5 Be7 38. Nf3 Kh6 39. Kg4 b5 40. Nd4
Bd6 41. Nf5+ Kg6 42. Nxd6 cxd6 43. h5+ Kh6 44. Kf5 Kxh5 45. Ke6 {Black resigns}
1-0

[Event "Team 45 45 League T59"]
[Site "Internet Chess Club"]
[Date "2014.01.05"]
[Round "6"]
[White "GoIrish"]
[Black "Signalman"]
[Result "0-1"]
[WhiteElo "1602"]
[BlackElo "1681"]
[Opening "Réti opening"]
[ECO "A05"]
[Time "06:39:30"]
[TimeControl "2700+45"]

1. Nf3 Nf6 2. g3 e6 3. Bg2 d5 4. O-O Be7 5. d3 O-O 6. Nbd2 c5 7. e4 Nc6 8. e5
Ne8 9. Re1 b5 10. Nf1 Nc7 11. h4 a5 12. h5 b4 13. N1h2 a4 14. c4 bxc3 15. bxc3
Nb5 16. Bd2 f5 17. Qc1 Ba6 18. h6 g6 19. Bg5 Nc7 20. Bxe7 Qxe7 21. d4 cxd4 22.
cxd4 Nb4 23. Qg5 Qxg5 24. Nxg5 Bc4 25. a3 Nc2 26. Rec1 Nxa1 27. Rxa1 Rab8 28.
Rc1 Rb6 29. Bf1 Nb5 30. Bxc4 Rc8 31. Nhf3 Rxc4 32. Rb1 Rcc6 33. Rb4 Nc3 34. Rxb6
Rxb6 35. Kg2 Nb1 36. Ne1 Nxa3 37. Nd3 Nc2 38. Nc5 a3 39. Nd7 Rb7 40. Nf6+ Kh8
41. Nxe6 a2 42. Ng5 a1=Q 43. e6 Qa6 44. Nxd5 Qc6 {White resigns} 0-1

[Event "Team 45 45 League T59"]
[Site "Internet Chess Club"]
[Date "2014.01.05"]
[Round "6"]
[White "BrerRabbit"]
[Black "ElMarginal"]
[Result "1/2-1/2"]
[WhiteElo "1529"]
[BlackElo "1529"]
[Opening "Queen's pawn: Yusupov-Rubinstein system"]
[ECO "A46"]
[Time "19:07:50"]
[TimeControl "2700+45"]

1. d4 Nf6 2. Nf3 e6 3. e3 a6 4. Bd3 d5 5. Nbd2 c5 6. c3 c4 7. Bc2 Bd6 8. e4 dxe4
9. Nxe4 Nxe4 10. Bxe4 Nd7 11. Qe2 Qc7 12. O-O Nf6 13. Bc2 b5 14. h3 Bb7 15. Bg5
h6 16. Bxf6 gxf6 17. Be4 Kd7 18. Bxb7 Qxb7 19. Kh1 Rag8 20. Rg1 Qd5 21. Nd2 Rg6
22. Qf3 Qxf3 23. Nxf3 Rhg8 24. Nd2 Kc6 25. a4 f5 26. axb5+ Kxb5 27. Nf3 f6 28.
Nh4 R6g7 29. Nf3 a5 30. Rae1 Re7 31. Re2 Kc6 32. Ra1 Ra8 33. Rae1 Kd5 34. Nh4
Rae8 35. Ng6 Rg7 36. Nh4 Rge7 37. Ng6 Ra7 38. Nh4 Ree7 39. Ng6 Re8 40. Nh4 Ree7
41. Ng6 Rg7 42. Nh4 Rae7 43. Ra1 Bc7 44. Rae1 Bd6 45. Ra1 Ra7 46. Rae1 Rae7 47.
Ra1 Ra7 48. Rae1 Rae7 49. Ra1 {Game drawn by repetition} 1/2-1/2

[Event "Team 45 45 League T59"]
[Site "Internet Chess Club"]
[Date "2014.01.06"]
[Round "6"]
[White "Constrictor"]
[Black "justice02"]
[Result "0-1"]
[WhiteElo "1631"]
[BlackElo "1822"]
[Opening "King's Indian, 3.Nf3"]
[ECO "E61"]
[Time "20:30:23"]
[TimeControl "2700+45"]

1. Nf3 Nf6 2. d4 g6 3. c4 Bg7 4. Nc3 O-O 5. Bg5 d6 6. Qd2 Bg4 7. Bh6 Bxf3 8.
gxf3 Nh5 9. Bxg7 Nxg7 10. O-O-O c6 11. e4 Qa5 12. Bd3 Na6 13. a3 Ne6 14. Bc2 Qh5
15. f4 Nac7 16. Rdg1 Qf3 17. f5 Nf4 18. h4 Kh8 19. Kb1 gxf5 20. Bd1 Qd3+ 21. Ka1
Qxd2 {White resigns} 0-1

[Event "Team 45 45 League T59"]
[Site "Internet Chess Club"]
[Date "2014.01.03"]
[Round "6"]
[White "badmove"]
[Black "bayoumicardio10"]
[Result "0-1"]
[WhiteElo "1596"]
[BlackElo "1652"]
[Opening "King's Indian: Makagonov system (5.h3)"]
[ECO "E71"]
[Time "17:06:31"]
[TimeControl "2700+45"]

1. d4 Nf6 2. c4 g6 3. Nc3 Bg7 4. e4 d6 5. h3 O-O 6. Nf3 Nc6 7. d5 Nb8 8. Bg5 h6
9. Be3 e5 10. g4 Nfd7 11. h4 Nb6 12. Nd2 N8d7 13. Be2 a5 14. Qc2 Nc5 15. Nb3
Nxb3 16. a3 {White resigns} 0-1

[Event "Team 45 45 League T59"]
[Site "Internet Chess Club"]
[Date "2014.01.04"]
[Round "6"]
[White "Hal2001"]
[Black "ILRE"]
[Result "1/2-1/2"]
[WhiteElo "1519"]
[BlackElo "1605"]
[Opening "Scandinavian: Pytel-Wade variation"]
[ECO "B01"]
[Time "14:04:35"]
[TimeControl "2700+45"]

1. e4 d5 2. exd5 Qxd5 3. Nc3 Qd6 4. Bb5+ c6 5. Ba4 Nf6 6. h3 Bf5 7. d3 e6 8. Nf3
h6 9. Be3 Be7 10. Qd2 Nd5 11. Bd4 Bf6 12. Ne4 Qd8 13. Nxf6+ Nxf6 14. O-O O-O 15.
Qc3 Nbd7 16. Bb3 a5 17. a4 Rc8 18. Ne5 c5 19. Be3 Nd5 20. Bxd5 exd5 21. Nxd7
Qxd7 22. Qxa5 d4 23. Bf4 Rc6 24. Qb5 h5 25. h4 Rfc8 26. a5 Qe6 27. Rfe1 Qf6 28.
Bg5 Qd6 29. Qxb7 f6 30. Bd2 Be6 {Game drawn by mutual agreement} 1/2-1/2

[Event "Team 45 45 League T59"]
[Site "Internet Chess Club"]
[Date "2014.01.05"]
[Round "6"]
[White "Schack"]
[Black "Bookkeeper"]
[Result "1/2-1/2"]
[WhiteElo "1702"]
[BlackElo "1595"]
[Opening "Caro-Kann: Panov-Botvinnik attack"]
[ECO "B13"]
[Time "13:00:41"]
[TimeControl "2700+45"]

1. e4 c6 2. d4 d5 3. exd5 cxd5 4. c4 Nc6 5. Nc3 Nf6 6. Nf3 Bg4 7. cxd5 Nxd5 8.
Qb3 Bxf3 9. gxf3 e6 10. Qxb7 Nxd4 11. Bb5+ Nxb5 12. Qc6+ Ke7 13. Qxb5 Nxc3 14.
bxc3 Rb8 15. Qc5+ Qd6 16. Qxa7+ Kf6 17. Qe3 Qe5 18. Qxe5+ Kxe5 19. Ke2 Bc5 20.
Rg1 g6 21. Rg4 Kd5 22. a4 Rb3 23. Be3 Bxe3 24. fxe3 Rb2+ 25. Kd3 Rxh2 26. a5 Ra8
27. a6 Rb2 28. a7 Rb7 29. Ra5+ Kc6 30. Rga4 h5 31. Ke4 h4 32. f4 h3 33. Kf3 Rb2
34. Ra2 h2 35. Ra1 Kb6 36. R5a3 Kb7 {Game drawn by mutual agreement} 1/2-1/2